Map: [TLMC21] Tourmaline

Players

Jumy (ForJumy) - Winner!

  • Race: Protoss Protoss
  • League: Master
  • Spawn Location: 7:00

Geralt (Gerald)

  • Race: Protoss Protoss
  • League: Grandmaster
  • Spawn Location: 1:00

VOD

Have the link to the VOD?

Description

Time

  • Played on: Oct. 12, 2025, 1:13 p.m.
  • Length: 11:01
Show
View Real Time Build Order
Export as new Build Order

Jumy Protoss - Winner!

Build Orders: Blink Stalkers 

Get SALT Encoding   

  12  0:00  Probe  
  13  0:12  Probe  
  14  0:16  Pylon  
  14  0:24  Probe  
  15  0:33  Probe  
  15  0:34  Gateway  
  15  0:41  Probe  
  16  0:46  Assimilator  
  17  0:52  Probe  
  17  0:55  Assimilator  
  18  1:00  Probe  
  19  1:07  Gateway  
  19  1:08  Probe  
  19  1:18  Probe  
  20  1:22  Cybernetics Core  
  21  1:30  Probe  
  22  1:33  Pylon  
  22  1:42  Probe  
  23  1:53  Warp Gate  
  23  1:54  Probe  
  23  1:55  Stalker  
  23  1:56  Stalker  
  28  2:06  Probe  
  29  2:11  Pylon  
  29  2:18  Probe  
  30  2:38  Nexus  
  30  2:41  Sentry  
  32  2:45  Sentry  
  32  2:48  Probe  
  35  2:55  Pylon  
  35  3:00  Probe  
  36  3:06  Twilight Council  
  36  3:16  Shield Battery  
  36  3:18  Probe  
  35  3:25  Blink  
  35  3:36  Probe  
  36  3:41  Stalker x2  
  36  3:46  Probe  
  36  3:48  Probe  
  42  3:58  Probe  
  42  3:59  Gateway  
  42  4:00  Probe  
  44  4:07  Stalker  
  44  4:09  Probe  
  46  4:12  Probe  
  46  4:13  Stalker  
  50  4:21  Probe  
  50  4:24  Probe  
  50  4:25  Pylon  
  50  4:31  Adept  
  53  4:33  Probe  
  53  4:37  Probe  
  54  4:43  Adept  
  54  4:46  Probe  
  54  4:49  Probe  
  56  4:57  Stalker  
  56  4:58  Probe  
  57  5:01  Probe  
  57  5:04  Stalker x2  
  62  5:07  Pylon  
  62  5:10  Probe  
  62  5:14  Assimilator  
  62  5:25  Probe x2, Stalker  
  66  5:29  Stalker x2  
  66  5:31  Pylon  
  70  5:45  Pylon  
  70  5:49  Probe x2  
  72  6:00  Stalker x3  
  74  6:04  Probe  
  74  6:07  Nexus  
  74  6:08  Probe  
  70  6:15  Forge  
  70  6:18  Shield Battery  
  68  6:19  Probe  
  68  6:25  Probe, Stalker x2  
  73  6:30  Charge  
  73  6:31  Probe  
  73  6:32  Protoss Ground Weapons Level 1  
  75  6:39  Probe  
  74  6:47  Stalker  
  74  6:48  Probe  
  74  6:51  Probe  
  78  6:57  Adept x2  
  78  6:59  Nexus  
  78  7:00  Probe  
  75  7:04  Probe  
  75  7:06  Gateway  
  75  7:07  Gateway  
  76  7:11  Stalker  
  78  7:17  Gateway, Pylon  
  78  7:22  Gateway  
  78  7:29  Probe x2  
  78  7:42  Probe x2  
  78  7:43  Gateway, Robotics Facility  
  78  7:44  Gateway  
  78  7:47  Zealot x3  
  84  7:54  Probe x2  
  86  8:04  Pylon  
  86  8:06  Pylon  
  86  8:11  Pylon x2  
  84  8:16  Protoss Ground Weapons Level 2, Zealot x4  
  84  8:17  Zealot  
  92  8:26  Sentry, Zealot  
  96  8:32  Observer  
  96  8:37  Nexus  
  96  8:40  Zealot x2  
  101  8:43  Pylon  
  101  8:47  Templar Archives  
  101  8:50  Zealot x2  
  101  8:55  Warp Prism  
  105  8:58  Probe  
  105  8:59  Zealot x3  
  114  9:11  Zealot x2  
  114  9:12  Probe  
  114  9:16  Zealot  
  121  9:20  Zealot x2  
  121  9:21  Zealot  
  127  9:25  Zealot  
  127  9:28  Zealot  
  127  9:32  High Templar  
  127  9:33  High Templar  
  127  9:36  High Templar x2  
  127  9:37  Archon  
  133  9:39  Probe  
  133  9:41  Archon  
  133  9:42  Gateway, Zealot x2  
  133  9:45  Zealot  
  140  9:48  Photon Cannon  
  140  9:53  Zealot x2  
  144  10:02  High Templar  
  144  10:03  High Templar  
  144  10:07  Archon  
  148  10:09  Zealot x5  
  124  10:16  Zealot x2  
  124  10:20  Probe  
  102  10:28  Zealot x2  
  102  10:32  Zealot x4  
  106  10:38  High Templar x2  
  106  10:39  Zealot x2  
  114  10:43  Archon  
  114  10:46  Zealot x2  
  112  10:56  Zealot x4  
Show
View Real Time Build Order
Export as new Build Order

Geralt Protoss 

Build Orders: Blink Stalkers 

Get SALT Encoding   

  12  0:00  Probe  
  13  0:12  Probe  
  14  0:17  Pylon  
  14  0:23  Probe  
  15  0:31  Probe  
  16  0:37  Gateway  
  16  0:39  Probe  
  16  0:45  Assimilator  
  17  0:51  Probe  
  17  0:54  Assimilator  
  18  0:59  Probe  
  19  1:06  Gateway  
  19  1:07  Probe  
  19  1:17  Probe  
  20  1:24  Cybernetics Core  
  21  1:29  Probe  
  21  1:32  Pylon  
  22  1:41  Probe  
  23  1:53  Probe  
  24  1:58  Stalker x2  
  28  2:01  Warp Gate  
  28  2:05  Probe  
  29  2:11  Pylon  
  29  2:17  Probe  
  29  2:21  Pylon  
  30  2:28  Stalker  
  30  2:29  Stalker  
  34  2:39  Probe  
  35  2:57  Nexus  
  35  3:05  Probe  
  36  3:10  Twilight Council  
  36  3:17  Probe  
  37  3:20  Pylon  
  36  3:27  Blink  
  36  3:29  Probe  
  38  3:41  Probe  
  38  3:50  Adept x2  
  38  3:53  Probe  
  43  4:05  Probe  
  43  4:07  Gateway  
  43  4:09  Shield Battery  
  44  4:14  Probe, Sentry, Stalker  
  49  4:24  Probe  
  49  4:26  Probe  
  49  4:30  Robotics Facility  
  51  4:35  Shield Battery  
  51  4:41  Stalker x2  
  55  4:52  Probe  
  54  4:56  Probe  
  54  4:57  Pylon  
  55  5:03  Gateway  
  55  5:04  Probe  
  55  5:05  Pylon, Stalker  
  58  5:10  Stalker  
  58  5:11  Probe  
  58  5:14  Stalker  
  61  5:18  Observer  
  62  5:32  Stalker  
  62  5:35  Nexus  
  64  5:37  Pylon  
  64  5:40  Stalker  
  66  5:52  Stalker  
  64  5:59  Probe  
  64  6:00  Stalker x2  
  67  6:18  Nexus  
  67  6:21  Probe  
  67  6:22  Sentry  
  67  6:24  Stalker  
  72  6:28  Probe  
  73  6:35  Stalker  
  71  6:43  Zealot  
  67  6:48  Immortal, Zealot x2  
  67  6:57  Probe  
  67  6:59  Probe  
  67  7:01  Charge  
  73  7:09  Probe  
  73  7:11  Probe  
  73  7:12  Stalker  
  77  7:19  Stalker  
  77  7:21  Probe  
  80  7:23  Probe  
  80  7:29  Shield Battery  
  81  7:33  Probe x2  
  81  7:35  Probe  
  84  7:40  Warp Prism  
  84  7:41  Probe  
  84  7:42  Probe  
  84  7:43  Probe  
  86  7:45  Gateway  
  86  7:51  Gateway, Probe  
  89  7:52  Probe x2  
  92  8:01  Probe  
  93  8:05  Gateway  
  93  8:07  Gateway  
  93  8:15  Gateway  
  93  8:16  Gateway  
  96  8:28  Pylon x2  
  96  8:30  Pylon  
  96  8:32  Zealot x2  
  99  8:35  Dark Shrine  
  99  8:40  Zealot  
  99  8:41  Zealot  
  101  8:44  Pylon  
  101  8:45  Pylon  
  101  8:48  Zealot x2  
  105  8:53  Pylon  
  105  8:58  Zealot  
  105  8:59  Zealot  
  109  9:07  Forge  
  109  9:10  Zealot  
  109  9:11  Zealot x6  
  109  9:13  Zealot  
  125  9:23  Pylon  
  125  9:25  Probe  
  126  9:38  Zealot x4  
  132  9:39  Zealot  
  132  9:43  Zealot  
  136  9:47  Dark Templar x4  
  136  9:52  Archon x2  
  144  9:58  Zealot x4  
  144  9:59  Zealot  
  154  10:04  Zealot  
  114  10:14  Zealot x5  
  100  10:21  Zealot x4  
  100  10:25  Zealot  
  90  10:37  Dark Templar x2, Zealot x3  
  90  10:41  Archon  
  100  10:47  Zealot x4  
Tags
 
Add a new tag
Caveats
  • Supply blocks, unpowered buildings, or Contaminate may cause inaccurate times.
  • Supply counts are checked every 10 seconds.